Cogmind - Beta 11 X7 @@@ ROGUE MODE // 2021.10.06 @ 16:09:12 Player: aperiodic Result: Destroyed by as-15784 with Assembled Rifle Performance ------------- Evolutions (0) 0 Regions Visited (2) 400 Robots Destroyed (30) 150 Value Destroyed (627) 627 Prototype IDs (0) 0 Alien Tech Used (0) 0 Bonus (0) 0 TOTAL SCORE: 1177 Bonus ------- None Cogmind --------- Core Integrity 0/250 Matter 226/300 Energy 160/160 System Corruption 4% Temperature Cool (0) Movement Treading (260) Ox1 Location -10/Mines Parts ------- > --- POWER (1) -------- Light Nuclear Core > --- PROPULSION (2) --- Improved Treads > --- UTILITY (2) ------ Heat Sink Large Storage Unit > --- WEAPON (2) ------- Rocket Launcher > --- INVENTORY (15) --- Light Ion Engine Light Nuclear Core Improved Treads Wheel Wheel Hacking Suite EM Pulse Gun Assault Rifle Light Assault Rifle Mining Laser Peak State ------------ > --- POWER ------------ Light Nuclear Core > --- PROPULSION ------- Improved Treads Improved Treads > --- UTILITY ---------- Heat Sink Large Storage Unit > --- WEAPON ----------- Medium Laser Rocket Launcher > --- INVENTORY -------- Light Ion Engine Light Nuclear Core Improved Treads Improved Treads Wheel Wheel Hacking Suite EM Pulse Gun Assault Rifle Light Assault Rifle Mining Laser [Rating: 13] Favorites ----------- Power Light Nuclear Core Engine Ion Engine Power Core Light Nuclear Core Propulsion Improved Treads Treads Improved Treads Wheel Wheel Hover Unit Improved Hover Unit Utility Large Storage Unit Device Heat Sink Storage Large Storage Unit Processor Transport Network Coupler Weapon Assault Rifle Energy Gun Medium Laser Ballistic Gun Assault Rifle Launcher Rocket Launcher Build | -11 -10 -10 ------- Run | Scr Mat Min Slots Evolved . | . . . Power . | . . . Propulsion . | . . . Utility . | . . . Weapon . | . . . Parts Attached 29 | 6 20 3 Power 3 | 1 1 1 Engine 1 | 1 . . Core 2 | . 1 1 Reactor . | . . . Propulsion 15 | 2 12 1 Treads 7 | . 6 1 Leg . | . . . Wheel 6 | 2 4 . Hover 2 | . 2 . Flight . | . . . Utility 6 | 1 5 . Device 2 | . 2 . Storage 3 | 1 2 . Processor 1 | . 1 . Hackware . | . . . Protection . | . . . Artifact . | . . . Weapon 5 | 2 2 1 Energy Gun 1 | . 1 . Energy Cannon . | . . . Ballistic Gun 3 | 2 1 . Ballistic Cannon . | . . . Launcher 1 | . . 1 Special Weapon . | . . . Impact Weapon . | . . . Slashing Weapon . | . . . Piercing Weapon . | . . . Special Melee Weapon . | . . . Unidentified Prototypes . | . . . Parts Lost 7 | . 4 3 Power . | . . . Propulsion 4 | . 2 2 Utility . | . . . Weapon 3 | . 2 1 Highest Loss Streak 3 | . 2 3 Average Slot Usage (%) 95 | . 92 99 Core 13 | . 12 14 Treads 23 | . 20 27 Wheel 3 | . 5 . Device 9 | . 6 14 Storage 14 | . 14 14 Energy Gun 9 | . 7 13 Ballistic Gun 17 | . 20 13 Naked Turns . | . . . Heaviest Build 30 | 14 30 30 Greatest Support 46 | 26 46 46 Greatest Overweight (x) 1 | . 1 . Average Overweight (x) . | . . . Largest Inventory Capacity 15 | 8 15 15 Average Capacity 13 | 6 12 15 Most Carried 11 | 5 8 11 Average Carried 7 | 2 7 9 Final Capacity 15 | 8 15 15 Final Carried 10 | 5 8 10 Class Distribution -------------------- 94% | Mutant 5% | Scavenger-Mutant Dominant Class ---------------- Mutant | -10/Materials Mutant | -10/Mines Resources | -11 -10 -10 ----------- Run | Scr Mat Min Matter Collected 989 | 205 560 224 Remotely . | . . . Salvage Created 1022 | 10 613 399 Parts 63 | 3 35 25 Haulers Intercepted 2 | . 2 . Recyclers Shooed 2 | . 2 . Parts Field Recycled . | . . . Retrieved Matter . | . . . Parts Self-Destructed . | . . . Prevented . | . . . Kills | -11 -10 -10 ------- Run | Scr Mat Min Combat Hostiles Destroyed 21 | . 8 13 Guns 17 | . 8 9 AOE 4 | . . 4 Classes Destroyed 10 | 1 8 1 Worker 1 | . 1 . Builder 3 | . 1 2 Tunneler 2 | 1 1 . Hauler 2 | . 2 . Recycler 1 | . 1 . Operator 1 | . 1 . Watcher 3 | . 3 . Swarmer 5 | . 2 3 Grunt 12 | . 6 6 Assembled 4 | . . 4 Best Kill Streak 6 | 1 6 3 Combat Bots Only 4 | . 4 3 Max Kills in Single Turn 2 | 1 1 2 Gunslinging . | . . . Exploded 2 | . . 2 Melee . | . . . Uniques/NPCs Destroyed . | . . . Combat | -11 -10 -10 -------- Run | Scr Mat Min Damage Taken 1362 | . 792 570 Core 256 | . 122 134 Absorbed by Shields . | . . . Core Remaining (%) 100 | 100 . . Volleys Fired 129 | 1 83 45 Largest 2 | 2 2 2 Hottest 70 | 40 70 70 Shots Fired 241 | 2 161 78 Gun 235 | 2 161 72 Cannon . | . . . Launcher 6 | . . 6 Special . | . . . Kinetic 170 | 2 133 35 Thermal 65 | . 28 37 Explosive 6 | . . 6 Electromagnetic . | . . . Robot Hit Streak 12 | 1 12 9 Robot Miss Streak 7 | 1 7 4 Penetration Max . | . . . Secondary Targets 2 | . 1 1 Max Gunslinging Chain 1 | . 1 1 Shots Hit Robots 143 | 1 93 49 Core Hits 59 | 1 31 27 Critical Kills . | . . . Critical Parts Destroyed . | . . . Critical Strikes 5 | . 2 3 Burn 5 | . 2 3 Melee Attacks . | . . . Impact . | . . . Slashing . | . . . Piercing . | . . . Sneak Attacks . | . . . Combat Hostiles . | . . . Follow-up Attacks . | . . . Damage Inflicted 2132 | 20 1220 892 Guns 1852 | 20 1205 627 Cannons . | . . . Explosions 263 | . . 263 Melee . | . . . Ramming 17 | . 15 2 Kinetic 1360 | 20 1018 322 Thermal 492 | . 187 305 Explosive 263 | . . 263 Electromagnetic . | . . . Impact . | . . . Slashing . | . . . Piercing . | . . . Highest Corruption 4 | . 4 4 Average Corruption 3 | . 3 4 Corruption Purged . | . . . Effects 19 | . 1 18 Message Errors 4 | . . 4 Matter Fused 6 | . . 6 Heat Flow Errors 3 | . . 3 Energy Discharges 1 | . . 1 Data Loss (minor) 3 | . 1 2 Weapon Failures 2 | . . 2 Overload Shots . | . . . Overflow Damage 3 | . . 3 Projectiles . | . . . Explosions 3 | . . 3 Melee . | . . . Knockbacks . | . . . Impact . | . . . Kinetic . | . . . Secondary . | . . . Self-Inflicted Damage . | . . . Shots . | . . . Rammed 4 | . 3 1 Targets Rammed 4 | . 3 1 Kicked . | . . . Crushed . | . . . Highest Temperature 263 | . 87 263 Average Temperature 46 | . 19 80 Received Heat Transfer 576 | . 369 207 Siege Activations . | . . . Robots Corrupted . | . . . Combat Hostiles . | . . . Parts Fried . | . . . Impact Corruptions . | . . . Robots Melted 1 | . 1 . Combat Hostiles . | . . . Parts Melted 1 | . . 1 Heat Transferred 1813 | . 703 1110 Parts Sabotaged . | . . . Parts Stolen . | . . . Parts Stripped . | . . . Power Chain Reactions . | . . . Missiles Intercepted . | . . . Alert | -11 -10 -10 ------- Run | Scr Mat Min Peak Influence 155 | 5 154 155 Initial 3 | . 3 2 Average 62 | . 66 62 Maximum Alert Level . | . . . Low Security (%) 100 | 100 100 100 Level 1 . | . . . Level 2 . | . . . Level 3 . | . . . Level 4 . | . . . Level 5 . | . . . High Security . | . . . Max Security . | . . . Squads Dispatched 2 | . 2 . Investigation . | . . . Extermination . | . . . Reinforcement 2 | . 2 . Assault . | . . . Garrison . | . . . Intercept . | . . . Construction Impeded . | . . . Haulers Reinforced . | . . . Active Scanning Responses . | . . . Cargo Convoy Interrupts . | . . . Stealth | -11 -10 -10 --------- Run | Scr Mat Min Distress Signals . | . . . Communications Jammed . | . . . Distress Signals . | . . . Times Spotted 40 | . 18 22 Peak Tracking Total 7 | . 5 7 Tactical Retreats 1 | . . 1 Traps | -11 -10 -10 ------- Run | Scr Mat Min Traps Triggered 2 | . 2 . Indirectly . | . . . Trap Hack Attempts . | . . . Triggered . | . . . Disarmed . | . . . Reprogrammed . | . . . Reused . | . . . Traps Extracted . | . . . Installed . | . . . Triggered . | . . . Machines | -11 -10 -10 ---------- Run | Scr Mat Min Machines Disabled . | . . . Max in Single Turn . | . . . Machines Sabotaged . | . . . Garrisons Compromised . | . . . Overloaded Fab Kills . | . . . Fab Network Shutdowns . | . . . Hacking | -11 -10 -10 --------- Run | Scr Mat Min Machines Accessed 4 | . 4 . Terminals 4 | . 4 . Fabricators . | . . . Repair Stations . | . . . Recycling Units . | . . . Scanalyzers . | . . . Garrison Access . | . . . Total Hacks 10 | . 10 . Successful 1 | . 1 . Failed 9 | . 9 . Catastrophic . | . . . Database Lockouts . | . . . Manual 3 | . 3 . Terminals 10 | . 10 . Fabricators . | . . . Repair Stations . | . . . Recycling Units . | . . . Scanalyzers . | . . . Garrison Access . | . . . Terminal Hacks 1 | . 1 . Robot Analysis 1 | . 1 . Fabricator Hacks . | . . . Repair Station Hacks . | . . . Recycling Unit Hacks . | . . . Scanalyzer . | . . . Garrison Access Hacks . | . . . Unauthorized Hacks . | . . . Terminals . | . . . Fabricators . | . . . Repair Stations . | . . . Recycling Units . | . . . Scanalyzers . | . . . Garrison Access . | . . . Data Cores Recovered . | . . . Used . | . . . Hacking Detections 4 | . 4 . Full Trace Events . | . . . Feedback Events . | . . . Feedback Blocked . | . . . Robot Schematics Acquired . | . . . Robots Built . | . . . Matter . | . . . Time . | . . . Total Robot Build Rating . | . . . Part Schematics Acquired . | . . . Parts Built . | . . . Matter . | . . . Time . | . . . Total Part Build Rating . | . . . Parts Repaired . | . . . Time . | . . . Parts Recycled . | . . . Recycled Matter . | . . . Retrieved Matter . | . . . Retrieved Components . | . . . Parts Scanalyzed . | . . . Part Schematics Acquired . | . . . Parts Damaged . | . . . Bothacking | -11 -10 -10 ------------ Run | Scr Mat Min Used RIF Installer . | . . . Robots Hacked . | . . . Non-combat . | . . . Combat . | . . . Robot Hacks Applied . | . . . Relay Couplers Released . | . . . Robots Rewired . | . . . Allies Hacked . | . . . Hacks Repelled . | . . . Allies | -11 -10 -10 -------- Run | Scr Mat Min Total Allies . | . . . Largest Group . | . . . Highest-Rated Group . | . . . Highest-Rated Ally . | . . . Total Orders . | . . . Ally Attacks . | . . . Total Damage . | . . . Kills . | . . . Allies Corrupted . | . . . Allies Melted . | . . . Intel | -11 -10 -10 ------- Run | Scr Mat Min Robot Analysis Total 1 | . 1 . Derelict Logs Recovered 1 | . . 1 Drone Launches . | . . . Drone Recoveries . | . . . Exploration | -11 -10 -10 ------------- Run | Scr Mat Min Turns Passed 1992 | 73 1107 812 Spaces Moved 1085 | 63 608 414 Core 1 | 1 . . Treads 787 | . 373 414 Legs . | . . . Wheels 280 | 62 218 . Hover 17 | . 17 . Flight . | . . . Fastest Speed 50 | 50 56 160 Average Speed 139 | 88 130 160 Slowest Speed 160 | 90 160 160 Overloaded Moves . | . . . Propulsion Burnouts . | . . . Robots Hopped . | . . . Cave-ins Triggered . | . . . Exploration Rate (%) 50 | 3 75 74 Regions Visited 2 Branch Regions 1 Pre-discovered Areas 1 | . . 1 Known Exits Taken . | . . . Unknown Exits Taken 2 | 1 1 . Scrap Searched 1 | . . 1 Spaces Dug 8 | . . 8 Terrain Destroyed 52 | . . 52 Melee . | . . . Projectile . | . . . AOE 52 | . . 52 Terrain Rammed . | . . . Walls Destroyed . | . . . Machines Disabled . | . . . Actions | -11 -10 -10 --------- Run | Scr Mat Min Total 1315 | 74 757 484 Wait 41 | . 22 19 Move 1083 | 62 607 414 Hop . | . . . Pick Up 15 | 5 8 2 Fast Attach 18 | 6 12 . Attach 5 | . 4 1 Detach 2 | . 2 . Swap 6 | . 4 2 Drop 12 | . 12 . Fire 129 | 1 83 45 Melee . | . . . Ram . | . . . Kick . | . . . Crush 4 | . 3 1 Escape Stasis . | . . . Rewire . | . . . Trap . | . . . Miscellaneous . | . . . Route ------- -11/Scrapyard -10/Materials (discovered 4 exits: [*Mat x2] / [*Min x2]) -10/Mines (discovered 1 exit: [*Mat]) History --------- Turn | Location | Event 23 | -11/Scrapyard | Discovered new exit (range 15) 74 | -11/Scrapyard | Entered Materials 201 | -10/Materials | Discovered new exit (range 6) 322 | -10/Materials | Build established: Mutant 435 | -10/Materials | Discovered new exit (range 6) 737 | -10/Materials | Discovered new exit (range 10) 763 | -10/Materials | Discovered new exit (range 15) 1181 | -10/Materials | Entered Mines 1196 | -10/Mines | Discovered new exit (range 12) 1457 | -10/Mines | Received a Rocket Launcher from a helpful Derelict 1547 | -10/Mines | Core integrity fell below 50% 1939 | -10/Mines | Assembled infested the area 1944 | -10/Mines | Assisted by a Guerilla fighting off Assembled 1959 | -10/Mines | Core integrity fell below 20% 1993 | -10/Mines | Destroyed by as-15784 with Assembled Rifle Last Messages --------------- 01958_ as-91578 destroyed. 01959_ D-53 Grenadier knocked back. 01959_ as-26981 destroyed. 01961_ as-23018 destroyed. 01961_ as-84897 destroyed. 01963_ G8-R19(h) destroyed. 01963_ as-88608 destroyed. 01964_ as-60995 destroyed. 01966_ Imp. Treads destroyed. 01966_ as-70563 destroyed. 01966_ as-89707 destroyed. 01969_ as-35986 destroyed. 01971_ The unstable cave ceiling collapses. 01978_ System corrupted: Energy discharge (-32). 01982_ as-08505 destroyed. 01983_ The unstable cave ceiling collapses. 01989_ Med. Laser destroyed. 01990_ The unstable cave ceiling collapses. 01991_ as-42619 destroyed. 01992_ Imp. Treads destroyed. Map ----- +----------------------------------------------------+ | ??# """ """ ## ## ##??????????# < #??# #? | | ??# ? """ """ ### ##????????## ##?# #? | | ###???? ### ##??????## ### ## | | ![#?????###?##### ##????## """ | | #%#?????????????# ## #???## """ | | #=#?????????????## ### """ #??## """ ##### | | #%#??????????????######## """ #### ##???? | | # #########????????????# """ ####????? | | # #???????????## ##????????? | | ######### #??????????## ##### # ##?????????? | | ????????# #??????????# #???# ####??????????? | | ????????# #??????????# #???# #?????????????? | | ????????# #?#######??## ##???# #?????????????? | | ????????# #?# #???## #???## #?????????????? | | ???????## ### ### ##???## #???# ##????????????? | | ???????# ## ?##### #???# #????????????? | | ???????# # # ## #???# #????????????? | | ???????## ## # #???# #????????????? | | ????????## # % % #???## ##???????????? | | ?????????# ## u " #????# #???????????? | | ????????# ### ####????# #???????????? | | ??????? #??? ????????# #??????????? | | ??????# #???## d #????????# #??????????? | | ?????# ##???# #???????## #??????????? | | ?????# ##?????# # ##???????## #??????????? | | ?????## ##??????## ! @#????????? #??????????? | | ??????## ?????# #???????? #??????????? | | ???????# ????# ##???????? #??????????? | | ??????? ???# # ##????????? #??????????? | | ???????# ??# ??????????? #??????????? | | ???????# ??# ??????????? #??????????? | | ???????# ??# * % ???????????? #??????????? | | ???????# ?? =a #???????????? #??????????? | | ??????? ????? == ????????????? #??????????? | | ????????????? *%# # ##????????????? ???????????? | | ??????????????#?######???????????????????????????? | | ?????????????????????????????????????????????????? | | ?????????????????????????????????????????????????? | | ?????????????????????????????????????????????????? | | ?????????????????????????????????????????????????? | | ?????????????????????????????????????????????????? | | ?????????????????????????????????????????????????? | | ?????????????????????????????????????????????????? | | ?????????????????????????????????????????????????? | | ?????????????????????????????????????????????????? | | ?????????????????????????????????????????????????? | | ?????????????????????????????????????????????????? | | | | | | | +----------------------------------------------------+ Best States ------------- Heat Dissipation 35 Energy Generation 14 Energy Capacity 250 Matter Stores 300 Matter Capacity 300 Sight Range 16 Terrain Scan Density 10 Evasion (%) 53 Recoil Reduction 2 Item Schematics ----------------- None Robot Schematics ------------------ None Fabricated ------------ Nothing Alien Tech Used ----------------- None Achievements -------------- None Challenges ------------ None Game ------ Seed BlastSpreadShredder Manual? 0 Play Time 00:16:12 Cumulative 437.4 hours Start 2021.10.06 @ 15:54:25 End 2021.10.06 @ 16:09:12 Sessions 1 Manual Loads 0 Difficulty Rogue Special Mode None Game No. 146 Rogue 142 Adventurer 4 Explorer 0 Win Type - Total 11 Types 5/2/3/0/0/0/0/1/0 Lore% 81 Gallery% 80 Achievement% 68 Wizard Run 0 Options --------- ASCII 1 Keyboard 0 Movement Arrows Keybinds 0 Fullscreen 1 Font 18/Smallcaps Map View 76x50 Tactical HUD 1 Map Filters NONE Filters NONE Steam 1 RUN: a6a21b7b-4dd0-48fd-98de-09dc66d7bc82